Cogmind - Beta 13 @@@ ROGUE MODE // 2024.06.27 @ 15:47:11 Player: Jazzer Result: Self-destructed Performance ------------- Evolutions (0) 0 Regions Visited (4) 800 Robots Destroyed (22) 110 Value Destroyed (286) 286 Prototype IDs (24) 480 Alien Tech Used (0) 0 Bonus (587) 587 TOTAL SCORE: 2263 Bonus ------- Follower Combat Kills 304 Aligned with FarCom 300 Friendly Fire -17 Cogmind --------- Core Integrity 74/250 Matter 280/300 Energy 250/250 System Corruption 8% Temperature Cool (0) Movement Rolling (95) Ox1 Location -9/Mines Parts ------- > --- POWER (1) -------- Ion Engine > --- PROPULSION (2) --- Wheel Wheel > --- UTILITY (2) ------ Large Storage Unit Supersonic Drone Bay (0/1) > --- WEAPON (2) ------- Beam Cannon Light Cannon > --- INVENTORY (15) --- Light Ion Engine Light Treads Wheel Improved Heat Sink Cooling System Cooling System Cooling System Small Matter Pod (32) High-capacity Matter Pod (200) Experimental Sensor Array Targeting Computer Light Armor Plating Light Cannon Light Cannon Rocket Launcher Peak State ------------ > --- POWER ------------ Ion Engine > --- PROPULSION ------- Light Treads Light Treads > --- UTILITY ---------- Large Storage Unit Experimental Sensor Array > --- WEAPON ----------- Beam Cannon Light Cannon > --- INVENTORY -------- Light Ion Engine Wheel Improved Heat Sink Cooling System Cooling System Cooling System Cooling System High-capacity Matter Pod Targeting Computer Improved Targeting Computer Light Armor Plating Supersonic Drone Bay Light Cannon Light Cannon Rocket Launcher [Rating: 18] Favorites ----------- Power Ion Engine Engine Ion Engine Propulsion Light Treads Treads Light Treads Leg Aluminum Leg Wheel Wheel Utility Large Storage Unit Device Structural Scanner Storage Large Storage Unit Processor Improved Targeting Computer Protection Light Armor Plating Weapon Beam Cannon Energy Gun Small Laser Energy Cannon Beam Cannon Ballistic Gun Light Assault Rifle Ballistic Cannon Light Cannon Build | -11 -10 -10 -10 -9 ------- Run | Yrd Mat Min Exi Min Slots Evolved . | . . . . . Power . | . . . . . Propulsion . | . . . . . Utility . | . . . . . Weapon . | . . . . . Parts Attached 30 | . 17 3 . 10 Power 1 | . 1 . . . Engine 1 | . 1 . . . Core . | . . . . . Reactor . | . . . . . Propulsion 11 | . 8 1 . 2 Treads 8 | . 7 1 . . Leg 1 | . 1 . . . Wheel 2 | . . . . 2 Hover . | . . . . . Flight . | . . . . . Utility 13 | . 3 2 . 8 Device 4 | . . 1 . 3 Storage 2 | . 1 . . 1 Processor 1 | . . . . 1 Hackware . | . . . . . Protection 6 | . 2 1 . 3 Artifact . | . . . . . Weapon 5 | . 5 . . . Energy Gun . | . . . . . Energy Cannon 2 | . 2 . . . Ballistic Gun 2 | . 2 . . . Ballistic Cannon 1 | . 1 . . . Launcher . | . . . . . Special Weapon . | . . . . . Impact Weapon . | . . . . . Slashing Weapon . | . . . . . Piercing Weapon . | . . . . . Special Melee Weapon . | . . . . . Unidentified Prototypes 1 | . . . . 1 Parts Lost 3 | . . 1 . 2 Power . | . . . . . Propulsion 2 | . . 1 . 1 Utility 1 | . . . . 1 Weapon . | . . . . . Highest Loss Streak 2 | . . 1 . 2 To Critical Strikes . | . . . . . Average Slot Usage (%) 99 | . 98 99 100 98 Engine 14 | . 14 14 14 14 Treads 24 | . 21 27 28 23 Leg 2 | . 6 . . . Device 1 | . . 3 . 2 Storage 16 | . 20 14 14 14 Protection 9 | . 6 10 14 9 Energy Gun 3 | . 9 . . . Energy Cannon 11 | . 5 14 14 14 Ballistic Gun 3 | . 11 . . . Ballistic Cannon 10 | . 1 14 14 14 Naked Turns . | . . . . . Heaviest Build 34 | 11 34 34 34 34 Greatest Support 40 | 20 40 40 40 40 Greatest Overweight (x) 3 | . 1 1 . 3 Average Overweight (x) . | . . . . . Largest Inventory Capacity 15 | . 15 15 15 15 Average Capacity 14 | . 14 15 15 15 Most Carried 15 | . 15 15 15 15 Average Carried 13 | . 12 14 15 14 Final Capacity 15 | 8 15 15 15 15 Final Carried 15 | 6 14 15 15 15 Class Distribution -------------------- 96% | Mutant 3% | Skirmisher Dominant Class ---------------- Mutant | -10/Materials Mutant | -10/Mines Mutant | -10/Exiles Mutant | -9/Mines Resources | -11 -10 -10 -10 -9 ----------- Run | Yrd Mat Min Exi Min Matter Collected 1078 | 200 578 162 . 138 Remotely . | . . . . . Salvage Created 701 | . 531 73 . 97 Parts 40 | . 28 9 . 3 Haulers Intercepted 2 | . 2 . . . Recyclers Shooed 1 | . 1 . . . Parts Field Recycled . | . . . . . Retrieved Matter . | . . . . . Parts Self-Destructed . | . . . . . Prevented . | . . . . . Kills | -11 -10 -10 -10 -9 ------- Run | Yrd Mat Min Exi Min Combat Hostiles Destroyed 17 | . 11 2 . 4 Guns 9 | . 9 . . . Cannons 7 | . 1 2 . 4 AOE 1 | . 1 . . . Classes Destroyed 9 | . 6 2 . 1 Tunneler 1 | . . 1 . . Hauler 2 | . 2 . . . Recycler 3 | . 2 . . 1 Mechanic 1 | . . 1 . . Operator 1 | . 1 . . . Watcher 1 | . 1 . . . Swarmer 10 | . 8 2 . . Grunt 3 | . 3 . . . Assembled 4 | . . . . 4 Best Kill Streak 4 | . 4 1 . 3 Combat Bots Only 3 | . 3 1 . 2 Max Kills in Single Turn 2 | . 2 1 . 1 Gunslinging 1 | . 1 . . . Exploded 1 | . 1 . . . Melee . | . . . . . Uniques/NPCs Destroyed . | . . . . . Combat | -11 -10 -10 -10 -9 -------- Run | Yrd Mat Min Exi Min Hostile Shots Fired 95 | . 55 25 . 15 Missed 29 | . 19 7 . 3 Damage Taken 837 | . 378 175 . 284 Core 176 | . 64 29 . 83 Absorbed by Shields . | . . . . . Core Remaining (%) 100 | 100 . . . . Volleys Fired 92 | . 65 11 . 16 Largest 2 | . 2 2 . 2 Hottest 95 | . 95 95 . 95 Shots Fired 186 | . 129 24 . 33 Gun 109 | . 109 . . . Cannon 77 | . 20 24 . 33 Launcher . | . . . . . Special . | . . . . . Kinetic 92 | . 63 13 . 16 Thermal 92 | . 64 11 . 17 Explosive . | . . . . . Electromagnetic 2 | . 2 . . . Robot Hit Streak 11 | . 11 5 . 5 Robot Miss Streak 7 | . 4 7 . 4 Penetration Max . | . . . . . Secondary Targets 1 | . 1 . . . Max Gunslinging Chain 1 | . 1 . . . Shots Hit Robots 99 | . 71 10 . 18 Core Hits 38 | . 28 4 . 6 Critical Kills . | . . . . . Critical Parts Destroyed . | . . . . . Critical Strikes 2 | . . . . 2 Blast 2 | . . . . 2 Melee Attacks . | . . . . . Impact . | . . . . . Slashing . | . . . . . Piercing . | . . . . . Sneak Attacks . | . . . . . Combat Hostiles . | . . . . . Follow-up Attacks . | . . . . . Damage Inflicted 1403 | . 861 180 . 362 Guns 623 | . 623 . . . Cannons 695 | . 165 180 . 350 Explosions 73 | . 73 . . . Melee . | . . . . . Ramming 12 | . . . . 12 Kinetic 539 | . 291 73 . 175 Thermal 834 | . 552 107 . 175 Explosive . | . . . . . Electromagnetic 18 | . 18 . . . Impact . | . . . . . Slashing . | . . . . . Piercing . | . . . . . Highest Corruption 8 | . 2 2 2 8 Average Corruption 2 | . 2 2 2 3 Corruption Purged . | . . . . . Corruption Blocked . | . . . . . Effects 30 | . 2 13 5 10 Message Errors 8 | . . 2 3 3 Matter Fused 5 | . . 3 . 2 Heat Flow Errors 4 | . . 3 . 1 Data Loss (minor) 4 | . . 1 1 2 Data Loss (major) 4 | . . 2 1 1 Misfires 4 | . 1 2 . 1 Alerts 1 | . 1 . . . Overload Shots . | . . . . . Overflow Damage 36 | . . . . 36 Projectiles 36 | . . . . 36 Explosions . | . . . . . Melee . | . . . . . Knockbacks 9 | . 1 2 . 6 Impact . | . . . . . Kinetic 8 | . 1 1 . 6 Secondary 1 | . . 1 . . Self-Inflicted Damage . | . . . . . Shots . | . . . . . Rammed 3 | . . . . 3 Targets Rammed 3 | . . . . 3 Kicked . | . . . . . Crushed . | . . . . . Highest Temperature 272 | . 220 272 . 212 Average Temperature 64 | . 45 86 . 82 Received Heat Transfer 273 | . 90 63 . 120 Siege Activations . | . . . . . Robots Corrupted . | . . . . . Combat Hostiles . | . . . . . Parts Fried . | . . . . . Impact Corruptions . | . . . . . Robots Melted . | . . . . . Combat Hostiles . | . . . . . Parts Melted . | . . . . . Heat Transferred 1651 | . 1059 222 . 370 Parts Sabotaged . | . . . . . Parts Stolen . | . . . . . Parts Stripped . | . . . . . Power Chain Reactions . | . . . . . Alert | -11 -10 -10 -10 -9 ------- Run | Yrd Mat Min Exi Min Peak Influence 295 | . 295 252 . 78 Initial 18 | . . 18 . . Average 75 | . 67 118 . 22 Maximum Alert Level 1 | . 1 1 . . Low Security (%) 85 | . 92 69 . 100 Level 1 14 | . 7 30 . . Level 2 . | . . . . . Level 3 . | . . . . . Level 4 . | . . . . . Level 5 . | . . . . . High Security . | . . . . . Max Security . | . . . . . Squads Dispatched 1 | . . 1 . . Investigation . | . . . . . Extermination . | . . . . . Reinforcement . | . . . . . Assault 1 | . . 1 . . Garrison . | . . . . . Intercept . | . . . . . Searches Triggered . | . . . . . Construction Impeded . | . . . . . Haulers Reinforced . | . . . . . Active Scanning Responses . | . . . . . Cargo Convoy Interrupts . | . . . . . Stealth | -11 -10 -10 -10 -9 --------- Run | Yrd Mat Min Exi Min Distress Signals 1 | . . . . 1 Communications Jammed . | . . . . . Distress Signals . | . . . . . Times Spotted 58 | . 27 15 . 16 Peak Tracking Total 5 | . 3 4 . 5 Tactical Retreats 4 | . 1 . . 3 Traps | -11 -10 -10 -10 -9 ------- Run | Yrd Mat Min Exi Min Traps Triggered 4 | . 4 . . . Indirectly . | . . . . . Trap Hack Attempts . | . . . . . Triggered . | . . . . . Disarmed . | . . . . . Reprogrammed . | . . . . . Reused . | . . . . . Traps Extracted . | . . . . . Installed . | . . . . . Triggered . | . . . . . Machines | -11 -10 -10 -10 -9 ---------- Run | Yrd Mat Min Exi Min Machines Disabled 1 | . 1 . . . Max in Single Turn 1 | . 1 . . . Machines Repaired . | . . . . . Machines Dismantled . | . . . . . Machines Sabotaged . | . . . . . Overloaded Fab Kills . | . . . . . Hacking | -11 -10 -10 -10 -9 --------- Run | Yrd Mat Min Exi Min Machines Accessed 11 | . 8 1 2 . Terminals 9 | . 8 1 . . Fabricators . | . . . . . Repair Stations . | . . . . . Recycling Units . | . . . . . Scanalyzers . | . . . . . Garrison Access . | . . . . . Total Hacks 37 | . 33 2 2 . Successful 19 | . 16 1 2 . Failed 17 | . 16 1 . . Catastrophic 3 | . 2 1 . . Database Lockouts 1 | . 1 . . . Manual 29 | . 28 . 1 . Terminals 35 | . 33 2 . . Fabricators . | . . . . . Repair Stations . | . . . . . Recycling Units . | . . . . . Scanalyzers . | . . . . . Garrison Access . | . . . . . Terminal Hacks 12 | . 9 1 2 . Record 1 | . . . 1 . Robot Analysis 2 | . 2 . . . Level Access Points 1 | . . 1 . . Terminal Index 1 | . 1 . . . Unreport Threat 1 | . 1 . . . Locate Traps 2 | . 2 . . . Hauler Manifests 1 | . 1 . . . Registered Prototypes 1 | . 1 . . . Zone Layout 1 | . 1 . . . Derelict Proto ID Bank 1 | . . . 1 . Fabricator Hacks . | . . . . . Repair Station Hacks . | . . . . . Recycling Unit Hacks . | . . . . . Scanalyzer . | . . . . . Garrison Access Hacks . | . . . . . Unauthorized Hacks 7 | . 7 . . . Terminals 7 | . 7 . . . Botnet 6 | . 6 . . . Operators 1 | . 1 . . . Fabricators . | . . . . . Repair Stations . | . . . . . Recycling Units . | . . . . . Scanalyzers . | . . . . . Garrison Access . | . . . . . Data Cores Recovered 1 | . 1 . . . Used 1 | . 1 . . . Hacking Detections 9 | . 8 1 . . Full Trace Events . | . . . . . Feedback Events . | . . . . . Feedback Blocked . | . . . . . Robot Schematics Acquired . | . . . . . Robots Built . | . . . . . Authchips . | . . . . . Time . | . . . . . Total Robot Build Rating . | . . . . . Part Schematics Acquired . | . . . . . Parts Built . | . . . . . Authchips . | . . . . . Time . | . . . . . Total Part Build Rating . | . . . . . Parts Repaired . | . . . . . Time . | . . . . . Parts Recycled . | . . . . . Recycled Matter . | . . . . . Retrieved Matter . | . . . . . Retrieved Components . | . . . . . Parts Scanalyzed . | . . . . . Part Schematics Acquired . | . . . . . Parts Damaged . | . . . . . Bothacking | -11 -10 -10 -10 -9 ------------ Run | Yrd Mat Min Exi Min Used RIF Installer . | . . . . . Robots Hacked . | . . . . . Non-combat . | . . . . . Combat . | . . . . . Robot Hacks Applied . | . . . . . Relay Couplers Released . | . . . . . Fabnet Peak Effective % . | . . . . . Robots Rewired . | . . . . . Allies Hacked . | . . . . . Hacks Repelled . | . . . . . Allies | -11 -10 -10 -10 -9 -------- Run | Yrd Mat Min Exi Min Total Allies 6 | . . 4 . 2 Largest Group 4 | . . 4 3 4 Highest-Rated Group 81 | . . 71 63 81 Highest-Rated Ally 31 | . . 31 31 31 Total Orders 3 | . . . . 3 EXPLORE 3 | . . . . 3 Ally Attacks 91 | . . 58 . 33 Total Damage 1199 | . . 688 . 511 Kills 25 | . . 14 . 11 Allies Corrupted . | . . . . . Allies Melted . | . . . . . Intel | -11 -10 -10 -10 -9 ------- Run | Yrd Mat Min Exi Min Robot Analysis Total 2 | . 2 . . . Derelict Logs Recovered 4 | . . 2 . 2 Drone Launches 3 | . . . . 3 Drone Recoveries 2 | . . . . 2 Exploration | -11 -10 -10 -10 -9 ------------- Run | Yrd Mat Min Exi Min Turns Passed 3593 | . 1169 1228 383 813 Spaces Moved 1909 | 1 565 689 239 415 Core . | . . . . . Treads 1777 | . 468 689 239 381 Legs 98 | 1 97 . . . Wheels 34 | . . . . 34 Hover . | . . . . . Flight . | . . . . . Fastest Speed 95 | 120 120 160 160 95 Average Speed 162 | 120 162 162 160 166 Slowest Speed 240 | 120 240 240 160 240 Overloaded Moves . | . . . . . Propulsion Burnouts . | . . . . . Robots Hopped . | . . . . . Cave-ins Triggered . | . . . . . Exploration Rate (%) 71 | 2 97 99 61 99 Regions Visited 4 Branch Regions 3 Pre-discovered Areas 1 | . . . 1 . Known Exits Taken 1 | . . 1 . . Unknown Exits Taken 3 | 1 1 . 1 . Scrap Searched 3 | . . 1 . 2 Spaces Dug . | . . . . . Terrain Destroyed . | . . . . . Melee . | . . . . . Projectile . | . . . . . AOE . | . . . . . Terrain Rammed . | . . . . . Walls Destroyed . | . . . . . Machines Disabled . | . . . . . Actions | -11 -10 -10 -10 -9 --------- Run | Yrd Mat Min Exi Min Total 2221 | . 701 779 240 501 Wait 141 | . 27 65 . 49 Move 1905 | . 564 688 238 415 Hop . | . . . . . Pick Up 27 | . 15 7 1 4 Fast Attach 10 | . 9 . . 1 Attach 3 | . . 1 . 2 Detach 3 | . 2 . . 1 Swap 17 | . 8 2 . 7 Drop 20 | . 11 5 1 3 Fire 92 | . 65 11 . 16 Melee . | . . . . . Ram . | . . . . . Kick . | . . . . . Crush 3 | . . . . 3 Escape Stasis . | . . . . . Rewire . | . . . . . Trap . | . . . . . Miscellaneous . | . . . . . Route ------- -11/Scrapyard -10/Materials (discovered 4 exits: *Mat x3 / *Min) -10/Mines (discovered 4 exits: *Mat x2 / *Exi / [*Sub]) -10/Exiles -9/Mines (discovered 2 exits: [*Mat x2]) History --------- Turn | Location | Event 1 | -11/Scrapyard | Discovered new exit (range 0) 1 | -11/Scrapyard | Entered Materials 111 | -10/Materials | Central database locked down 315 | -10/Materials | Build established: Mutant 373 | -10/Materials | Discovered new exit (range 14) 498 | -10/Materials | Discovered new exit (range 16) 694 | -10/Materials | Discovered new exit (range 10) 869 | -10/Materials | Discovered new exit (range 15) 1170 | -10/Materials | Entered Mines 1190 | -10/Mines | Identified exit to Exiles 1305 | -10/Mines | Assisted by bots powering up and referring to "LRC-V3" 1322 | -10/Mines | Discovered new exit (range 7) 1356 | -10/Mines | Deemed a non-threat by the Exiles lab entrance 1653 | -10/Mines | Discovered new exit (range 12) 1800 | -10/Mines | Received a Rocket Launcher from a helpful Derelict 1930 | -10/Mines | Found a damaged Exp. Sensor Array with a note attached 1933 | -10/Mines | Found Prototype Device 1960 | -10/Mines | Learned 4 Materials zone layouts 1967 | -10/Mines | Met a Derelict testing a Signal Generator 2027 | -10/Mines | Discovered new exit (range 3) 2274 | -10/Mines | Identified exit to Materials 2398 | -10/Mines | Entered Exiles 2398 | -10/Exiles | Accompanied by 3 allies 2438 | -10/Exiles | Met 8R-AWN 2464 | -10/Exiles | Met EX-HEX 2514 | -10/Exiles | Met EX-BIN 2536 | -10/Exiles | Aligned with FarCom system 2538 | -10/Exiles | Given EX-Vault access code 2578 | -10/Exiles | Opened EX-Vault 2602 | -10/Exiles | Found Supersonic Drone Bay 2637 | -10/Exiles | Warned to stay clear of 0b10 Research branches 2690 | -10/Exiles | Met EX-DEC 2696 | -10/Exiles | Learned location of Zion (-6) 2768 | -10/Exiles | Discovered new exit (range 10) 2781 | -10/Exiles | Left Exiles lab with Supersonic Drone Bay 2781 | -10/Exiles | Entered Mines 2781 | -9/Mines | Accompanied by 3 allies 2785 | -9/Mines | Discovered new exit (range 19) 2828 | -9/Mines | Discovered new exit (range 49) 2839 | -9/Mines | Identified Exp. Sensor Array 2922 | -9/Mines | Met a Derelict bent on vengeance 2989 | -9/Mines | Learned Materials machine intel 3075 | -9/Mines | Found a hidden stash of uninstalled traps 3259 | -9/Mines | Assembled infested the area 3363 | -9/Mines | Lost 4 allies 3412 | -9/Mines | Core integrity fell below 50% 3437 | -9/Mines | Learned Materials emergency access door positions 3594 | -9/Mines | Self-destructed Last Messages --------------- 03417_ Destroyed Asb. Hover Unit. 03417_ as-85055 destroyed. 03419_ K-01 Serf collects debris. 03423_ Acquired 4 matter. 03423_ K-01 Serf collects debris. 03437_ Acquired derelict log, extracted data. Data stored: Materials emergency access points. 03451_ System corrupted: Matter fused (-10). 03506_ RFTO0RR GN UMUYWL